 Dungeon Crawl Stone Soup version 0.18.1-5-g4a78601 (webtiles) character file.

1472 shmeve the Shield-Bearer (level 8, 0/71 HPs)
             Began as a Minotaur Berserker on May 11, 2016.
             Was an Elder of Trog.
             Slain by an orc warrior
             ... wielding a +0 glaive
              (11 damage)
             ... on level 6 of the Dungeon.
             The game lasted 00:10:19 (5388 turns).

shmeve the Shield-Bearer (Minotaur Berserker)       Turns: 5388, Time: 00:10:19

Health: 0/71       AC: 13    Str: 22    XL:     8   Next: 49%
Magic:  7/7        EV:  9    Int:  5    God:    Trog [****..]
Gold:   263        SH:  0    Dex: 11    Spells: 0 memorised, 7 levels left

rFire  . . .     SeeInvis .     r - +2 hand axe (chop)
rCold  . . .     Gourm    .     x - +0 chain mail
rNeg   . . .     Faith    .     (no shield)
rPois  .         Spirit   .     (helmet restricted)
rElec  .         Dismiss  .     m - +0 cloak
rCorr  .         Reflect  .     (no gloves)
SustAt .         Harm     .     q - +2 pair of boots
MR     .....                    (no amulet)
Stlth  ..........               (no ring)
                                (no ring)

@: confused, exhausted, slowed, very slow, not resistant to hostile
enchantments, extremely unstealthy
A: retaliatory headbutt, horns 2
a: Berserk, Trog's Hand, Brothers in Arms, Burn Spellbooks, Renounce Religion


You were on level 6 of the Dungeon.
You worshipped Trog.
Trog was greatly pleased with you.
You were very hungry.

You visited 1 branch of the dungeon, and saw 6 of its levels.

You collected 263 gold pieces.

Inventory:

Hand Weapons
 r - a +2 hand axe of chopping (weapon)
Missiles
 o - 12 javelins (quivered)
Armour
 m - a +0 cloak (worn)
 q - a +2 pair of boots (worn)
 x - a +0 chain mail (worn)
 z - a +0 large shield
Scrolls
 f - 3 scrolls of teleportation {unknown}
 i - 7 scrolls of remove curse {unknown}
 l - 2 scrolls of immolation {unknown}
 n - a scroll of fear {unknown}
 p - a scroll of enchant weapon {unknown}
 s - a scroll of noise {unknown}
 u - 2 scrolls of recharging {unknown}
 y - 5 scrolls of identify {unknown}
 C - a scroll of blinking {unknown}
 F - a scroll of amnesia {unknown}
Potions
 b - 2 potions of might {unknown}
 d - 4 potions of curing {unknown}
 e - a potion of beneficial mutation {unknown}
 g - 3 potions of degeneration {unknown}
 h - 2 potions of flight {unknown}
 k - a potion of cure mutation {unknown}
 t - 2 potions of haste {unknown}
 v - 2 potions of invisibility {unknown}
 w - 2 potions of heal wounds {unknown}
 A - a potion of brilliance {unknown}
 D - a potion of experience {unknown}
Comestibles
 a - a slice of pizza
 c - 4 bread rations
 j - 5 meat rations
 B - 2 fruits
 E - 6 chunks of flesh


   Skills:
 - Level 6.9 Fighting
 - Level 6.4 Axes
 - Level 3.1 Throwing
 - Level 4.3 Armour
 - Level 3.7 Dodging
 + Level 7.3 Shields


You had 7 spell levels left.
You didn't know any spells.

Dungeon Overview and Level Annotations

Branches:
Dungeon (6/15)             Temple (0/1) D:5

Altars:
Sif Muna
Xom
Zin


Innate Abilities, Weirdness & Mutations

You reflexively headbutt those who attack you in melee.
You have a pair of horns on your head.


Message History

You closely miss the orc wizard.
The orc wizard is severely wounded.
The orc warrior hits you with a glaive!
Unknown command.
You feel a strong urge to attack something.
The orc warrior hits you with a glaive!!
* * * LOW HITPOINT WARNING * * *
The orc wizard hits you but does no damage.
Things that are here:
a dagger; a robe You feel your anger subside.
You are no longer berserk.
You are exhausted.
You feel yourself slow down.
You are feeling very hungry.
The orc wizard points at you and mumbles some strange words.
You are more confused.
The orc warrior hits you from afar with a glaive.
* * * LOW HITPOINT WARNING * * *
The orc warrior hits you from afar with a glaive!
You die...

...###<..#
....##...#
...##...# ..
#..##..## ....#
#..##..# .....
#..##..## ....#
#.o##...#
#...####.).#..>#
#....#...o@...#
#...(........#
##...........#
..#####)).........#
#......)..####...##
##.....).## #...#
###.....# ##.##
###...# #.# #....#
.#


You could see an orc warrior and an orc wizard.

Vanquished Creatures
  Sigmund (D:2)
  The ghost of Acetwo5 the Firebug, an amateur DEFE (D:4)
  3 ogres
  A centaur (D:5)
  A howler monkey (D:4)
  2 crimson imps (D:5)
  A jelly (D:5)
  5 orc priests
  A hound (D:6)
  An iguana (D:4)
  2 worker ants (D:4)
  8 orc wizards
  A worker ant zombie (D:5)
  8 adders
  A shadow imp (D:5)
  4 oozes
  An adder skeleton (D:6)
  5 worms
  2 dart slugs
  2 giant geckos
  20 orcs
  4 giant cockroaches
  5 goblins
  9 hobgoblins
  5 jackals
  12 kobolds
  3 quokkas
  3 ball pythons
  9 bats
  2 giant newts
  8 rats
131 creatures vanquished.

Notes
Turn   | Place    | Note
--------------------------------------------------------------
     0 | D:1      | shmeve the Minotaur Berserker began the quest for the Orb.
     0 | D:1      | Reached XP level 1. HP: 19/19 MP: 0/0
    45 | D:1      | Reached XP level 2. HP: 21/27 MP: 1/1
   368 | D:1      | Reached skill level 1 in Throwing
   582 | D:1      | Reached ** piety under Trog
   801 | D:2      | Noticed an angel
   802 | D:2      | Found a shimmering altar of Xom.
   802 | D:2      | Found a glowing silver altar of Zin.
   804 | D:2      | Noticed Sigmund
   815 | D:2      | Killed Sigmund
   815 | D:2      | Reached skill level 5 in Fighting
   815 | D:2      | Reached XP level 3. HP: 28/36 MP: 2/2
   815 | D:2      | Reached XP level 4. HP: 32/42 MP: 3/3
   815 | D:2      | Reached XP level 5. HP: 37/48 MP: 4/4
  1150 | D:2      | Reached skill level 5 in Axes
  2345 | D:3      | Reached *** piety under Trog
  2382 | D:3      | Reached XP level 6. HP: 54/56 MP: 5/5
  3311 | D:4      | Noticed Acetwo5's ghost (amateur DEFE)
  3320 | D:4      | Reached XP level 7. HP: 63/63 MP: 6/6
  3323 | D:4      | Received a gift from Trog
  3333 | D:4      | Killed Acetwo5's ghost
  3606 | D:4      | Reached skill level 1 in Shields
  3627 | D:4      | Reached skill level 2 in Shields
  3725 | D:4      | Found a deep blue altar of Sif Muna.
  3768 | D:4      | Reached skill level 3 in Shields
  4153 | D:5      | Entered Level 5 of the Dungeon
  4245 | D:5      | Reached XP level 8. HP: 67/71 MP: 7/7
  4256 | D:5      | Reached skill level 4 in Shields
  4612 | D:5      | Reached **** piety under Trog
  4655 | D:5      | Reached skill level 5 in Shields
  4674 | D:5      | Found a staircase to the Ecumenical Temple.
  4694 | D:5      | Reached skill level 6 in Shields
  5338 | D:6      | Reached skill level 7 in Shields
  5388 | D:6      | Slain by an orc warrior

Skill      XL: |  1  2  3  4  5  6  7  8 |
---------------+-------------------------+-----
Throwing       | 1 2 3 |  3.1
Fighting       | 5 6 |  6.9
Axes           | 4 5 6 |  6.4
Armour         | 3 4 |  4.3
Dodging        | 3 |  3.7
Shields        | 3 7 |  7.3

Action                   |  1- 3 |  4- 6 |  7- 9 || total
-------------------------+-------+-------+-------++-------
Melee: Hand axe          |    43 |   118 |   118 ||   279
       Headbutt          |     5 |    20 |    25 ||    50
Throw: Javelin           |       |     3 |       ||     3
Invok: Berserk           |     1 |     2 |     2 ||     5
       Trog's Hand       |       |       |     1 ||     1
 Stab: Sleeping          |       |     1 |       ||     1
       Distracted        |       |       |     1 ||     1
  Eat: Chunk             |       |    10 |     8 ||    18
Armor: Animal skin       |    13 |    37 |     5 ||    55
       Chain mail        |       |       |    70 ||    70
Dodge: Dodged            |    31 |    90 |    58 ||   179
